Map: Backwater LE

Players

ShoWTimE - Winner!

  • Race: Protoss Protoss
  • Spawn Location: 11:00

Namshar

  • Race: Zerg Zerg
  • Spawn Location: 5:00

Event: WCS Leipzig 2018

VOD

Have the link to the VOD?

Description

Time

  • Played on: Jan. 27, 2018, 6:07 a.m.
  • Length: 20:24

All games in this series

Show
View Real Time Build Order
Export as new Build Order

ShoWTimE Protoss - Winner!

Build Orders: 1 Gate Expand, Phoenix Opening, Carriers, Chargelot Immortal, Colossus Rush 

Get SALT Encoding   

  12  0:00  Probe  
  13  0:12  Probe  
  14  0:19  Pylon  
  14  0:24  Probe (Chrono Boost)  
  15  0:37  Probe (Chrono Boost)  
  16  0:44  Gateway  
  16  0:46  Probe (Chrono Boost)  
  16  0:48  Assimilator  
  17  0:51  Probe  
  18  1:03  Probe  
  19  1:15  Probe  
  20  1:25  Nexus  
  20  1:36  Cybernetics Core  
  20  1:38  Probe  
  21  1:44  Assimilator  
  21  1:50  Probe  
  21  1:53  Pylon  
  22  2:02  Probe  
  23  2:10  Adept (Chrono Boost)  
  23  2:14  Probe  
  26  2:17  Stargate  
  26  2:23  Warp Gate  
  26  2:27  Probe (Chrono Boost)  
  26  2:29  Adept  
  29  2:37  Probe (Chrono Boost)  
  31  2:44  Probe (Chrono Boost)  
  31  2:47  Probe (Chrono Boost)  
  33  2:51  Probe (Chrono Boost)  
  33  2:52  Probe (Chrono Boost)  
  34  3:00  Phoenix (Chrono Boost)  
  34  3:03  Probe  
  38  3:05  Probe  
  38  3:08  Pylon  
  38  3:15  Probe  
  38  3:16  Phoenix (Chrono Boost)  
  38  3:17  Probe  
  42  3:27  Probe  
  42  3:28  Gateway  
  42  3:29  Probe  
  44  3:37  Phoenix (Chrono Boost)  
  44  3:39  Probe  
  47  3:42  Probe  
  47  3:46  Pylon  
  48  3:51  Probe  
  48  3:54  Probe, Assimilator  
  50  3:56  Phoenix (Chrono Boost)  
  50  3:58  Assimilator  
  52  4:03  Probe  
  52  4:06  Probe  
  52  4:09  Robotics Facility  
  54  4:13  Pylon  
  54  4:15  Probe  
  55  4:18  Probe  
  55  4:19  Phoenix (Chrono Boost)  
  58  4:27  Probe  
  58  4:30  Probe  
  60  4:31  Pylon  
  60  4:35  Phoenix (Chrono Boost)  
  62  4:39  Probe  
  62  4:42  Probe  
  64  4:49  Nexus  
  64  4:51  Probe  
  65  4:54  Probe  
  65  4:58  Pylon  
  66  5:04  Probe  
  66  5:06  Phoenix  
  69  5:07  Robotics Bay  
  69  5:09  Probe  
  69  5:11  Pylon  
  69  5:12  Observer  
  71  5:17  Probe  
  71  5:19  Shield Battery  
  71  5:21  Probe  
  73  5:29  Probe, Forge  
  73  5:32  Sentry x2  
  73  5:33  Probe, Observer  
  80  5:39  Gateway  
  80  5:41  Probe  
  81  5:45  Probe, Gateway  
  82  5:53  Probe, Colossus (Chrono Boost)  
  89  5:57  Probe  
  89  6:03  Extended Thermal Lance  
  90  6:04  Probe  
  90  6:05  Probe  
  90  6:09  Probe  
  93  6:12  Assimilator  
  93  6:13  Protoss Ground Weapons Level 1 (Chrono Boost)  
  93  6:16  Probe, Assimilator, Pylon  
  94  6:20  Probe  
  94  6:21  Probe  
  94  6:23  Twilight Council  
  96  6:28  Probe  
  96  6:31  Gateway  
  96  6:32  Probe  
  98  6:33  Gateway  
  98  6:37  Colossus (Chrono Boost)  
  98  6:46  Pylon  
  104  6:48  Gateway x2  
  104  6:58  Zealot x4, Charge (Chrono Boost)  
  104  6:59  Pylon  
  112  7:06  Templar Archives  
  112  7:20  Colossus (Chrono Boost)  
  112  7:29  Psionic Storm  
  118  7:31  Pylon  
  118  7:33  Nexus  
  118  7:36  Pylon  
  118  7:43  Photon Cannon  
  118  7:44  Photon Cannon  
  112  7:51  High Templar x2  
  112  7:58  Probe x3  
  118  8:02  Photon Cannon  
  118  8:04  High Templar, Photon Cannon  
  121  8:06  Protoss Ground Weapons Level 2 (Chrono Boost)  
  121  8:07  Photon Cannon  
  121  8:08  Immortal (Chrono Boost)  
  121  8:10  Shield Battery, Zealot x3  
  121  8:12  Shield Battery  
  131  8:15  Assimilator  
  131  8:20  Assimilator  
  131  8:22  Probe x3  
  134  8:34  Probe  
  135  8:36  High Templar  
  135  8:37  High Templar  
  135  8:39  Probe x2  
  141  8:44  Immortal (Chrono Boost)  
  141  8:45  Pylon  
  141  8:47  Pylon  
  141  8:48  Fleet Beacon  
  145  8:58  Zealot x6  
  156  9:16  Immortal  
  158  9:19  Stargate  
  158  9:21  Stargate  
  158  9:23  Photon Cannon  
  158  9:25  Pylon  
  158  9:33  Zealot x4  
  158  9:34  Zealot x4  
  174  9:38  Mothership (Chrono Boost)  
  174  9:39  Pylon  
  186  9:54  Carrier (Chrono Boost)  
  186  9:55  Immortal  
  190  10:02  Carrier (Chrono Boost)  
  194  10:31  Zealot x4  
  184  10:43  Carrier  
  184  10:45  Protoss Ground Weapons Level 3 (Chrono Boost)  
  190  10:52  Pylon  
  190  11:01  Nexus  
  190  11:02  Pylon  
  190  11:08  Pylon  
  190  11:11  High Templar x2  
  190  11:12  High Templar x3, Graviton Catapult (Chrono Boost)  
  190  11:13  High Templar  
  190  11:16  Archon  
  190  11:17  Archon x2  
  196  11:22  Photon Cannon  
  196  11:24  Photon Cannon  
  194  11:29  Carrier, Pylon  
  200  11:33  Shield Battery  
  200  11:48  Photon Cannon  
  200  11:49  Photon Cannon  
  200  11:51  Stargate, Photon Cannon  
  200  11:52  Stargate  
  200  11:53  Photon Cannon  
  200  11:54  Shield Battery  
  200  11:55  Shield Battery, Zealot  
  200  11:57  Shield Battery  
  200  11:59  Assimilator, Oracle  
  192  12:02  Assimilator  
  192  12:03  Zealot  
  192  12:04  Zealot x6  
  181  12:18  Pylon  
  177  12:24  Zealot x2  
  177  12:25  Zealot x4  
  165  12:36  Void Ray (Chrono Boost)  
  161  12:39  Probe x2  
  161  12:40  Probe x2  
  165  12:44  Probe  
  165  12:47  Void Ray (Chrono Boost)  
  174  12:51  Probe x2, Cybernetics Core  
  174  12:52  Probe x2, Void Ray (Chrono Boost)  
  174  12:56  Probe, Pylon, Cybernetics Core  
  174  12:57  Void Ray (Chrono Boost)  
  183  13:03  Probe  
  183  13:04  Probe  
  185  13:08  High Templar x2  
  185  13:09  High Templar x3  
  185  13:11  Void Ray (Chrono Boost)  
  197  13:14  Archon x2  
  197  13:20  Gateway  
  197  13:21  Gateway  
  197  13:22  Probe  
  197  13:23  Probe x2, Gateway  
  200  13:30  Assimilator  
  196  13:45  Zealot  
  196  13:48  Protoss Air Weapons Level 1 (Chrono Boost)  
  198  13:49  Protoss Shields Level 1 (Chrono Boost)  
  196  13:57  Zealot x2  
  198  14:05  Zealot x4  
  177  14:21  Zealot x2  
  179  14:28  Zealot x4  
  179  14:30  Protoss Air Armor Level 1  
  159  14:39  Probe x2  
  159  14:43  Carrier x3  
  170  14:51  Zealot x2  
  170  14:58  Probe  
  155  15:15  Probe  
  155  15:16  Probe  
  155  15:20  Pylon  
  157  15:21  High Templar x2  
  157  15:23  Pylon  
  157  15:25  Archon  
  161  15:29  Probe x3  
  161  15:31  Carrier  
  158  15:41  Probe x2  
  158  15:42  Probe  
  134  15:59  High Templar x5  
  144  16:08  Phoenix  
  146  16:21  Zealot x4  
  154  16:35  High Templar x2  
  158  16:40  Archon  
  158  16:47  Nexus  
  158  17:07  Zealot x4  
  166  17:15  Zealot x2  
  168  17:33  Zealot x2  
  172  17:41  High Templar  
  172  17:42  High Templar x2  
  178  17:49  Archon  
  178  18:00  Zealot  
  180  18:09  Oracle  
  175  18:18  Robotics Facility  
  157  18:28  Zealot x2  
  155  18:41  High Templar x3  
  155  18:42  High Templar  
  155  18:47  Archon x2  
  155  18:57  Stalker  
  157  19:10  Stalker  
  157  19:15  Stalker  
  161  19:21  Stalker  
  142  19:57  Zealot x4  
Show
View Real Time Build Order
Export as new Build Order

Namshar Zerg 

Build Orders: Hatch First, Lurkers 

Get SALT Encoding   

  12  0:00  Drone  
  13  0:12  Overlord  
  13  0:16  Drone  
  14  0:30  Drone x2  
  14  0:34  Drone  
  17  0:51  Hatchery  
  17  0:54  Drone  
  17  0:57  Drone  
  18  1:07  Extractor  
  17  1:12  Spawning Pool  
  17  1:15  Drone  
  17  1:18  Drone  
  18  1:27  Drone  
  19  1:38  Overlord  
  19  1:49  Drone  
  20  1:59  Zergling x2, Queen  
  23  2:02  Queen  
  23  2:03  Zergling x2  
  23  2:08  Metabolic Boost  
  26  2:10  Drone  
  26  2:14  Drone  
  28  2:21  Drone  
  29  2:25  Drone  
  30  2:37  Hatchery  
  30  2:41  Drone  
  30  2:44  Pneumatized Carapace  
  30  2:49  Overlord  
  30  2:52  Drone  
  30  2:58  Drone x2  
  33  3:01  Drone  
  34  3:09  Drone x4  
  38  3:16  Queen  
  40  3:23  Overlord  
  40  3:26  Drone x2  
  42  3:36  Overlord  
  42  3:37  Lair  
  42  3:44  Drone x6  
  48  3:49  Overlord  
  48  3:53  Queen  
  50  3:56  Spore Crawler  
  50  4:00  Spore Crawler  
  50  4:01  Drone x2  
  50  4:06  Drone  
  50  4:07  Drone x2  
  50  4:09  Drone  
  54  4:14  Drone x2  
  56  4:18  Overlord  
  56  4:19  Overlord  
  56  4:22  Extractor  
  55  4:24  Drone x2, Extractor  
  55  4:25  Drone x2, Extractor  
  57  4:34  Overlord x2  
  57  4:36  Queen  
  59  4:40  Drone x2  
  59  4:44  Hydralisk Den, Overlord  
  60  4:46  Drone  
  60  4:47  Drone x2  
  60  4:51  Drone x3  
  60  4:52  Drone  
  67  4:58  Drone  
  65  5:00  Spore Crawler  
  65  5:02  Drone  
  65  5:05  Drone  
  65  5:06  Drone x2  
  68  5:10  Overlord  
  68  5:18  Muscular Augments  
  68  5:21  Hydralisk x2  
  68  5:22  Hydralisk  
  68  5:28  Hydralisk x2  
  74  5:32  Extractor  
  74  5:34  Drone x3  
  74  5:35  Overlord  
  76  5:37  Drone x2, Hydralisk x2  
  76  5:41  Overlord  
  80  5:52  Drone x2, Hydralisk  
  80  5:53  Hydralisk  
  80  5:55  Hydralisk  
  88  5:57  Overlord  
  88  6:00  Hydralisk  
  88  6:02  Drone x3  
  93  6:04  Drone  
  93  6:05  Drone  
  94  6:11  Drone  
  94  6:12  Drone  
  94  6:14  Drone  
  94  6:15  Drone  
  94  6:17  Hatchery  
  94  6:18  Evolution Chamber  
  95  6:20  Overseer  
  95  6:24  Drone, Extractor  
  95  6:25  Drone  
  95  6:26  Drone x2  
  97  6:36  Drone x2  
  97  6:38  Hydralisk  
  97  6:39  Hydralisk x4  
  108  6:45  Overseer  
  108  6:50  Zerg Missile Weapons Level 1  
  108  6:51  Evolution Chamber  
  108  6:53  Overlord x2  
  108  6:54  Overlord  
  107  6:56  Overlord x2  
  107  7:01  Infestation Pit  
  106  7:03  Overlord x3  
  106  7:13  Drone  
  106  7:14  Drone  
  108  7:17  Zerg Melee Weapons Level 1  
  108  7:19  Drone  
  108  7:20  Baneling Nest  
  108  7:21  Drone x3  
  109  7:28  Drone x3  
  109  7:29  Drone x5  
  117  7:31  Queen  
  118  7:38  Drone  
  118  7:39  Overlord  
  118  7:40  Roach Warren  
  118  7:41  Hive  
  118  7:52  Extractor, Spore Crawler  
  118  7:53  Drone x5, Extractor  
  118  7:54  Drone  
  121  8:01  Drone  
  121  8:03  Lurker Den  
  121  8:06  Hydralisk x3  
  121  8:08  Hatchery  
  126  8:14  Hydralisk x3  
  126  8:17  Queen  
  134  8:27  Overlord  
  134  8:28  Glial Reconstitution  
  134  8:30  Overlord  
  134  8:33  Roach  
  134  8:34  Roach x8  
  152  8:37  Overlord  
  152  8:40  Overseer  
  151  9:01  Zerg Missile Weapons Level 2  
  151  9:08  Drone x3  
  151  9:11  Zerg Ground Armor Level 1, Drone x6  
  151  9:15  Drone  
  151  9:17  Hydralisk x4  
  154  9:18  Roach x7, Extractor  
  154  9:19  Extractor, Spire  
  173  9:28  Adaptive Talons  
  173  9:31  Lurker  
  173  9:32  Lurker x8  
  182  9:40  Drone x3  
  182  9:41  Drone  
  182  9:42  Drone  
  182  9:43  Drone  
  188  9:46  Spore Crawler  
  188  9:47  Spore Crawler  
  186  9:54  Spine Crawler  
  186  9:55  Spine Crawler  
  186  9:57  Overseer  
  184  10:09  Lurker x3  
  184  10:10  Lurker  
  184  10:12  Hydralisk x4  
  184  10:13  Hydralisk  
  198  10:18  Drone  
  193  10:25  Hydralisk x2  
  193  10:26  Roach, Hydralisk  
  193  10:27  Roach  
  175  10:38  Drone x4  
  163  10:44  Lurker x9  
  163  10:46  Lurker  
  157  10:53  Lurker  
  157  10:56  Overlord x2  
  158  10:58  Drone  
  158  11:00  Greater Spire  
  158  11:01  Drone, Hatchery  
  158  11:02  Drone x3  
  158  11:03  Drone  
  163  11:06  Hydralisk x5  
  170  11:13  Spine Crawler x4  
  170  11:16  Lurker x3  
  170  11:17  Overlord x2  
  169  11:22  Zerg Missile Weapons Level 3  
  169  11:27  Zerg Ground Armor Level 2  
  169  11:34  Hydralisk x3  
  169  11:36  Overlord x2  
  173  11:40  Hydralisk  
  173  11:41  Hydralisk x3  
  179  12:11  Hydralisk x2  
  179  12:12  Hydralisk x5  
  189  12:26  Hydralisk x6  
  176  12:34  Hydralisk  
  176  12:35  Hydralisk x13  
  161  12:48  Hydralisk x6  
  161  12:50  Overseer  
  173  12:52  Hatchery  
  172  12:59  Hydralisk x4  
  179  13:31  Hatchery, Hydralisk x4  
  179  13:32  Hydralisk x2  
  179  13:33  Lurker  
  194  13:34  Lurker x4  
  194  13:35  Lurker  
  194  13:38  Hydralisk  
  194  14:09  Hydralisk x6  
  190  14:10  Hydralisk  
  185  14:20  Hydralisk  
  173  14:35  Hydralisk x3  
  173  14:36  Roach x6  
  173  14:37  Roach  
  177  14:39  Zerg Ground Armor Level 3  
  173  14:45  Overlord x2  
  173  14:46  Zerg Melee Weapons Level 2, Overlord  
  169  14:57  Hydralisk  
  169  14:58  Roach  
  169  14:59  Roach x11, Hydralisk x6  
  196  15:07  Lurker x6  
  192  15:21  Hydralisk x2  
  192  15:22  Hydralisk  
  192  15:24  Adrenal Glands  
  198  15:39  Spine Crawler, Spore Crawler  
  198  15:40  Spine Crawler  
  171  15:43  Hydralisk x4  
  171  15:44  Roach x6  
  171  15:48  Overseer  
  187  15:54  Hydralisk x4  
  187  15:55  Roach  
  187  15:56  Roach x3  
  197  15:58  Hydralisk  
  197  15:59  Hydralisk  
  197  16:02  Overseer  
  197  16:03  Overseer x3  
  189  16:12  Hydralisk x3  
  189  16:13  Roach  
  189  16:14  Roach  
  192  16:18  Zerg Flyer Weapons Level 1  
  192  16:22  Overlord x2, Lurker  
  192  16:23  Overlord  
  193  16:32  Extractor  
  192  16:46  Hydralisk x3  
  175  17:16  Overseer x2  
  175  17:20  Corruptor x12  
  199  17:28  Corruptor  
  199  17:29  Corruptor x3  
  186  17:41  Corruptor x2  
  184  17:46  Overseer  
  184  17:49  Hydralisk x3  
  190  17:51  Queen  
  190  17:52  Queen  
  194  18:07  Overlord  
  194  18:08  Overlord x7  
  171  18:23  Overlord x4  
  171  18:24  Overlord x3  
  167  18:32  Hydralisk x3  
  167  18:33  Hydralisk x8  
  175  18:39  Roach  
  175  18:40  Roach x6  
  187  18:44  Queen  
  187  18:49  Overseer x3  
  181  19:13  Hydralisk  
  181  19:14  Hydralisk x5  
  181  19:15  Roach x7  
  197  19:25  Corruptor  
  192  19:37  Corruptor x7  
  142  19:55  Hydralisk x5  
  142  19:56  Roach x2  
  142  19:57  Roach  
Tags
 
Add a new tag
Caveats
  • Supply blocks, unpowered buildings, or Contaminate may cause inaccurate times.
  • Supply counts are checked every 10 seconds.